 Dungeon Crawl Stone Soup version 0.30-a0-358-g0d69a1922f (webtiles) character file.

Game seed: 50417609857672094

99 koil the Chopper (level 4, 0/38 HPs)
             Began as a Hill Orc Reaver on Nov 8, 2022.
             Succumbed to a scorpion's poison
             ... on level 3 of the Dungeon.
             The game lasted 00:04:43 (1594 turns).

koil the Chopper (Hill Orc Reaver)                  Turns: 1594, Time: 00:04:44

Health: 0/38       AC:  3    Str: 12 (14) XL:     4   Next: 72%
Magic:  4/7        EV: 11    Int: 14 (15) God:
Gold:   126        SH:  0    Dex:  7 (9)  Spells: 6/7 levels left

rFire   . . .      SeeInvis .    a - +0 hand axe
rCold   . . .      Faith    .    (no shield)
rNeg    . . .      Spirit   +    f - +0 leather armour
rPois   .          Reflect  .    (no helmet)
rElec   .          Harm     .    (no cloak)
rCorr   .          Rampage  .    (no gloves)
Will    .....                    (no boots)
Stlth   +.........               e - amulet of guardian spirit
HPRegen 0.26/turn                (no ring)
MPRegen 0.10/turn                (no ring)

@: lethally poisoned (0 -> -7)
A: no striking features
a: no special abilities


You were on level 3 of the Dungeon.
You visited 1 branch of the dungeon, and saw 3 of its levels.

You collected 126 gold pieces.

Inventory:

Hand Weapons
 a - a +0 hand axe (weapon)
 b - a +0 sling
Missiles
 j - 2 atropa-tipped darts
Armour
 f - a +0 leather armour (worn)
Magical Staves
 i - a staff of earth
Jewellery
 e - an amulet of guardian spirit (around neck)
Scrolls
 c - 3 scrolls of amnesia {unknown}
 d - 4 scrolls of identify {unknown}
 g - 2 scrolls of enchant armour {unknown}
 h - a scroll of vulnerability {unknown}
 m - a scroll of enchant weapon {unknown}
 n - a scroll of noise {unknown}
 o - a scroll of fear {unknown}
Potions
 k - a potion of cancellation


   Skills:
 + Level 3.1 Fighting
 + Level 4.7 Axes
 + Level 1.6 Armour
 + Level 2.1 Dodging
 + Level 2.0 Spellcasting
 + Level 3.3 Conjurations


You had 6 spell levels left.
You knew the following spells:

 Your Spells              Type           Power      Damage    Failure   Level
a - Kiss of Death         Conj/Necr      24%        2d7       16%         1

Your spell library contained the following spells:

 Spells                   Type           Power      Damage    Failure   Level
 Momentum Strike          Conj/Tloc      12%        3d8       22%         2
 Freeze                   Ice            4%         1d3       30%         1
 Hailstorm                Conj/Ice       6%         3d4       41%         3
 Frozen Ramparts          Ice            2%         1d1       65%         3


Dungeon Overview and Level Annotations

Branches:
Dungeon (3/15)

Altars:


Message History

Aim: a scorpion (54% to hit, chance to blind on hit: 51%)
You throw an atropa-tipped dart.
The atropa-tipped dart hits the scorpion.
The scorpion resists.
You barely miss the scorpion. The scorpion stings you.
You are poisoned.
The scorpion poisons you! The scorpion stings you.
You hit the scorpion.
The scorpion is moderately wounded.
You feel sick. The scorpion stings you.
You barely miss the scorpion.
The scorpion is moderately wounded.
You feel sick. The scorpion closely misses you.
You hit the scorpion.
The scorpion is heavily wounded.
You feel sick. The scorpion stings you.
You are more poisoned.
The scorpion poisons you! The scorpion stings you.
You are lethally poisoned!
The scorpion poisons you!
You closely miss the scorpion.
The scorpion is heavily wounded.
You feel very sick. The scorpion stings you.
You closely miss the scorpion.
The scorpion is heavily wounded.
* * * LOW HITPOINT WARNING * * *
You feel very sick. The scorpion stings you.
* * * LOW HITPOINT WARNING * * *
* * * LOW HITPOINT WARNING * * *
You feel very sick.
It was a potion of cancellation.
You feel magically purged.
* * * LOW HITPOINT WARNING * * *
You feel very sick. The scorpion barely misses you.
It was a potion of degeneration.
There was something very wrong with that liquid.
You feel weakened.
You feel dopey.
You feel clumsy.
You die...

#.........###.#
#.#####.#..#..# #.#
##.#...# #.# #..#.## #.#
#.#..###### #
###.######>......... .(
..............###### #.#.#
###...........#######...(..
# #..########...@s.(....#
###..# ############# .....#
.....# ###### # #


You could see a scorpion.

Vanquished Creatures
  A hound (D:2)
  3 adders
  An orc (D:2)
  7 endoplasms
  A giant cockroach (D:1)
  2 goblins
  5 hobgoblins
  4 kobolds
  5 quokkas
  3 ball pythons
  2 bats
  2 frilled lizards (D:2)
  4 rats
40 creatures vanquished.

Notes
Turn   | Place    | Note
-------+----------+-------------------------------------------
     0 | D:1      | koil the Hill Orc Reaver began the quest for the Orb.
     0 | D:1      | Reached XP level 1. HP: 18/18 MP: 3/3
   191 | D:1      | Reached XP level 2. HP: 20/25 MP: 4/4
   511 | D:1      | Reached skill level 1 in Armour
   644 | D:2      | Reached XP level 3. HP: 28/30 MP: 5/5
   719 | D:2      | Reached XP level 4. HP: 38/38 MP: 6/6
   736 | D:2      | HP: 7/38 [adder (2)]
  1579 | D:3      | Noticed a scorpion
  1591 | D:3      | HP: 7/38 [scorpion (2)]
  1593 | D:3      | HP: 2/38 [poisoned by a scorpion]
  1594 | D:3      | Succumbed to a scorpion's poison

Illustrated notes

Levels and vault maps discovered:
D:1:      minmay_arrival_cross, layout_rooms, st_stairs_13
D:2:      layout_loops_cross
D:3:      layout_loops_ring, lemuel_blue_sif_altar, marbit_many_paths,
          nicolae_shop_vocational, uniq_crazy_yiuf_cottage

Skill      XL: |  1  2  3  4 |
---------------+-------------+-----
Armour         | 1 |  1.6
Dodging        | 2 |  2.1
Fighting       | 3 |  3.1
Spellcasting   | 2 |  2.0
Axes           | |  4.7
Conjurations   | |  3.3

Action                   |  1- 3 |  4- 6 || total
-------------------------+-------+-------++-------
Melee: Hand axe          |    88 |    76 ||   164
 Fire: Sling             |     5 |       ||     5
Throw: Dart              |       |     4 ||     4
  Use: Potion            |       |     4 ||     4
Armor: Leather armour    |    23 |    15 ||    38
       Skin              |       |     7 ||     7
Dodge: Dodged            |    60 |    36 ||    96

Table legend: (Time is in decaauts)
 A = Elapsed time spent in this place.
 B = Non-inter-level travel time spent in this place.
 C = Inter-level travel time spent in this place.
 D = Time resting spent in this place.
 E = Time spent auto-exploring this place.
 F = Levels seen in this place.
 G = Mean time per level.
                   A        B        C        D        E       F      G
               +--------+--------+--------+--------+--------+-----+--------+
         Total |   1605 |   1577 |     28 |      0 |   1227 |   3 |  535.0 |
       Dungeon |   1605 |   1577 |     28 |      0 |   1227 |   3 |  535.0 |
               +--------+--------+--------+--------+--------+-----+--------+

Top non-repeatable levels by time:
     D:2: 838 daAuts
     D:1: 636 daAuts
     D:3: 131 daAuts
